 Dungeon Crawl Stone Soup version 0.31-a0-662-g684573625c (webtiles) character file.

Game seed: 8269333272171884311

9037 Arcadio the Grappler (level 11, -1/113 HPs)
             Began as a Troll Fighter on Aug 31, 2023.
             Was an Elder of Qazlal.
             Slain by Snorg (6 damage)
             ... on level 10 of the Dungeon.
             The game lasted 00:21:10 (9416 turns).

Arcadio the Grappler (Troll Fighter)                Turns: 9416, Time: 00:21:11

Health: -1/113     AC:  9    Str: 30    XL:     11   Next: 17%
Magic:  13/13      EV: 11    Int:  4    God:    Qazlal [****..]
Gold:   441        SH:  5    Dex:  9    Spells: 10/10 levels left

rFire   . .          .
                       - Unarmed
rCold   . . .        (no shield)
rNeg    . . .        D - +0 troll leather armour
rPois   .            (helmet restricted)
rElec   .            (no cloak)
rCorr   .            (gloves unavailable)
SInv    .            (boots unavailable)
Will    +....        x - amulet of the acrobat
Stlth   +            w - +4 ring of protection
HPRegen 1.98/turn    p - ring of willpower
MPRegen 0.13/turn

%: repel missiles, acrobat
@: mighty, invisible
A: large, unfitting armour, claws 3, regeneration 1, shaggy fur 1, tough skin 1
a: Renounce Religion, Upheaval, Elemental Force


You were on level 10 of the Dungeon.
You worshipped Qazlal.
Qazlal was greatly pleased with you.
You visited 2 branches of the dungeon, and saw 11 of its levels.

You collected 441 gold pieces.

Inventory:

Hand Weapons
 y - a +2 flail
 E - a +0 morningstar
Missiles
 v - 2 throwing nets
Armour
 a - a +0 robe
 b - a +0 kite shield
 d - a +2 robe of willpower
 l - a +0 robe
 D - a +0 troll leather armour (worn)
Jewellery
 o - a ring of flight
 p - a ring of willpower (right claw)
 u - a ring of protection from fire
 w - a +4 ring of protection (left claw)
 x - an amulet of the acrobat (around neck)
 B - an amulet of magic regeneration
Wands
 n - a wand of paralysis (28)
 q - a wand of mindburst (19)
Scrolls
 e - 4 scrolls of blinking
 g - 4 scrolls of teleportation
 h - 2 scrolls of brand weapon
 r - a scroll of identify
 z - a scroll of fog {unknown}
 A - a scroll of immolation {unknown}
 C - a scroll of poison {unknown}
Potions
 f - 2 potions of haste
 i - 2 potions of lignification
 j - a potion of mutation {unknown}
 k - 3 potions of enlightenment
 m - 2 potions of attraction
 t - a potion of heal wounds {unknown}


   Skills:
 + Level 8.5 Fighting
 + Level 2.4 Armour
 - Level 8.0 Dodging
 - Level 2.6 Shields
 + Level 9.8 Unarmed Combat
 + Level 5.0 Invocations


You had 10 spell levels left.
You didn't know any spells.
Your spell library contained the following spells:

 Spells                   Type           Power      Damage    Failure   Level
 Call Canine Familiar     Summ           0%         N/A       88%         3
 Dazzling Flash           Conj/Hex       0%         N/A       88%         3
 Portal Projectile        Hex/Tloc       0%         N/A       88%         3
 Tukima's Dance           Hex            0%         N/A       88%         3
 Volatile Blastmotes      Fire/Tloc      0%         2d10      88%         3
 Iskenderun's Mystic Bla  Conj/Tloc      0%         2d3       99%         4
 Leda's Liquefaction      Hex/Erth       0%         N/A       99%         4
 Starburst                Conj/Fire      0%         6d3       100%        6
 Maxwell's Capacitive Co  Air            0%         ∞         100%        8


Dungeon Overview and Level Annotations

Branches:
Dungeon (10/15) Zot: 26404  Temple (1/1) D:4 Zot: 5951
   Lair: D:8-11         Orc: D:9-12

Altars:
Ashenzari
Cheibriados
Dithmenos
Elyvilon
Fedhas
Gozag
Hepliaklqana
Kikubaaqudgha
Makhleb
Nemelex Xobeh
Okawaru
Qazlal
Ru
Sif Muna
Trog
Uskayaw
Vehumet
Wu Jian
Xom
Yredelemnul
Zin
The Shining One

Shops:
D:3 [   D:5 =   D:10 (

Annotations:
D:4 3 runed translucent doors, Domino's ghost, amateur MiBe
D:10 Snorg


Innate Abilities, Weirdness & Mutations

You are too large for most types of armour.
You have claws for hands.
Your natural rate of healing is unusually fast.
You are covered in fur. (AC +1)
You have tough skin. (AC +1)


Message History

Press: ? - help, v - describe, . - travel
Here: Snorg The floor.
Aiming: Paralyse
Press: ? - help, Shift-Dir - straight line, f - Snorg
Aim: Snorg (chance to affect: 17%) Snorg resists with almost no effort.
You start putting on your amulet.
You continue putting on your amulet of the acrobat. x4
Snorg goes berserk!
You continue putting on your amulet of the acrobat.
Snorg rages.
Snorg barely misses you. x3
You finish putting on your amulet of the acrobat.
You feel ready to tumble and roll out of harm's way.
x - an amulet of the acrobat (around neck)
You feel very mighty all of a sudden. Snorg closely misses you.
You block Snorg's attack. Snorg claws you.
You scratch Snorg.
Snorg is lightly wounded.
Snorg bites you. Snorg claws you! Snorg claws you. You block Snorg's attack.
Snorg claws you! Snorg claws you but does no damage.
You eviscerate Snorg!!!
Snorg is moderately wounded.
Snorg bites you. Snorg claws you. Snorg claws you!
You barely miss Snorg. You claw Snorg!
Snorg is moderately wounded.
Snorg bites you! Snorg claws you! You block Snorg's attack.
You mangle Snorg!!
Snorg is heavily wounded.
You block Snorg's attack. Snorg barely misses you. Snorg claws you!
* * * LOW HITPOINT WARNING * * *
You fade into invisibility!
You block Snorg's attack. Snorg claws you!
* * * LOW HITPOINT WARNING * * *
Snorg claws you!
* * * LOW HITPOINT WARNING * * *
Snorg is engulfed in a thunderstorm.
You block Snorg's attack. Snorg barely misses you. Snorg claws you.
You die...

.......#..#... ## ...
#.........#... ..# #..
#........##...
...##..####...........#.
.>##.........#......#.
..%.##............###
...##..#.°...#...##..###
......T#.#..##...###....
#@§#...##..###....
#.......##..##..##
#.##....#.......#
#..##............#
....###.............
##...!#.....#........
.....#..............
...##................
.... ........#......


You could see Snorg (berserk, unable to see you).

Vanquished Creatures
  Erica (D:9)
  Maggie (D:10)
  3 trolls (D:10)
  Sigmund (D:2)
  A wyvern (D:7)
  2 shadows
  2 wraiths
  12 yaks
  Menkaure (D:5)
  An acid dragon (D:10)
  A water moccasin (D:7)
  7 orc warriors
  2 ice beasts
  2 sky beasts (D:7)
  2 ogres
  2 centaurs
  6 kobold brigands
  A bullfrog (D:9)
  4 gnoll sergeants
  2 scorpions (D:7)
  14 wights
  3 killer bees
  3 hounds
  2 jellies
  5 orc priests
  4 gnoll boudas
  Terence (D:3)
  7 iguanas
  11 orc wizards
  36 gnolls
  13 adders
  2 shadow imps
  An ufetubus (D:5)
  2 worms
  The ghost of Sapher the Sneak, a weakling SpDe (D:8)
  36 orcs
  5 ball pythons
  4 bats
  11 endoplasms
  4 giant cockroaches
  11 goblins
  7 hobgoblins
  7 jackals
  5 quokkas
  4 frilled lizards
  39 kobolds
  5 rats
297 creatures vanquished.

Notes
Turn   | Place    | Note
-------+----------+-------------------------------------------
     0 | D:1      | Arcadio the Troll Fighter began the quest for the Orb.
     0 | D:1      | Reached XP level 1. HP: 22/22 MP: 0/0
   137 | D:1      | Reached XP level 2. HP: 29/29 MP: 1/1
   805 | D:1      | Reached XP level 3. HP: 36/36 MP: 2/2
  1265 | D:2      | Reached XP level 4. HP: 45/45 MP: 3/3
  1699 | D:2      | Reached skill level 3 in Unarmed Combat
  1755 | D:2      | Noticed Sigmund
  1772 | D:2      | Killed Sigmund
  1773 | D:2      | Reached XP level 5. HP: 17/54 MP: 0/4
  1773 | D:2      | Reached XP level 6. HP: 19/62 MP: 0/5
  2066 | D:3      | Reached skill level 4 in Unarmed Combat
  2282 | D:3      | Noticed Terence
  2291 | D:3      | Killed Terence
  2309 | D:3      | Found Inenossi's Antique Armour Shoppe.
  2710 | D:4      | Found an ornate altar of the Wu Jian Council.
  2820 | D:4      | Noticed Domino's ghost (amateur MiBe)
  2840 | D:4      | Reached XP level 7. HP: 69/71 MP: 6/6
  2906 | D:4      | Found a runed translucent gate.
  2906 | D:4      | Found a runed translucent gate.
  2908 | D:4      | Found a runed translucent gate.
  3056 | D:4      | Found an ancient bone altar of Kikubaaqudgha.
  3095 | D:4      | Found a staircase to the Ecumenical Temple.
  3101 | Temple   | Entered the Ecumenical Temple
  3124 | Temple   | Became a worshipper of Qazlal Stormbringer
  3665 | D:5      | Entered Level 5 of the Dungeon
  3674 | D:5      | Reached skill level 5 in Unarmed Combat
  4052 | D:5      | Found a shimmering blue altar of Sif Muna.
  4180 | D:5      | Found Xuosh's Jewellery Emporium.
  4180 | D:5      | Noticed Menkaure
  4188 | D:5      | Killed Menkaure
  4189 | D:5      | Reached skill level 5 in Fighting
  4189 | D:5      | Reached skill level 5 in Dodging
  4304 | D:5      | Found a basalt altar of Yredelemnul.
  4568 | D:6      | Reached XP level 8. HP: 21/80 MP: 7/7
  4691 | D:5      | Reached skill level 6 in Unarmed Combat
  4916 | D:6      | Found a broken altar of Ashenzari.
  4916 | D:6      | Found a shadowy altar of Dithmenos.
  5146 | D:6      | Reached * piety under Qazlal
  5608 | D:7      | Reached skill level 7 in Unarmed Combat
  5608 | D:7      | Reached XP level 9. HP: 78/89 MP: 8/8
  5644 | D:7      | Reached ** piety under Qazlal
  5857 | D:7      | Noticed a +0 falchion
  5857 | D:7      | Noticed a +0 falchion
  5858 | D:7      | Noticed a +0 short sword
  5859 | D:7      | Noticed a +0 spear
  5860 | D:7      | Noticed a +0 dagger
  5861 | D:7      | Noticed a +0 short sword
  5863 | D:7      | Noticed a +0 dagger
  5872 | D:7      | Found a sparkling altar of Nemelex Xobeh.
  5938 | D:7      | Noticed a +0 spear
  5942 | D:7      | Found a hide-covered altar of Uskayaw.
  6081 | D:6      | HP: 1/92 [poisoned by a gnoll]
  6485 | D:7      | Reached skill level 8 in Unarmed Combat
  6607 | D:8      | Reached skill level 1 in Invocations
  6905 | D:8      | Reached XP level 10. HP: 99/102 MP: 10/10
  7193 | D:8      | Reached *** piety under Qazlal
  7244 | D:8      | Found a large runed translucent door.
  7245 | D:8      | Found a large runed translucent door.
  7250 | D:8      | Noticed Sapher's ghost (weakling SpDe)
  7652 | D:8      | Killed Sapher's ghost
  7721 | D:9      | Found a bloodstained altar of Trog.
  8251 | D:9      | Reached **** piety under Qazlal
  8261 | D:9      | Found a radiant altar of Vehumet.
  8320 | D:9      | Reached skill level 9 in Unarmed Combat
  8358 | D:9      | Found a shimmering altar of Xom.
  8815 | D:10     | Entered Level 10 of the Dungeon
  8961 | D:10     | Noticed Erica
  8998 | D:9      | Killed Erica
  8999 | D:9      | Reached skill level 1 in Armour
  9109 | D:10     | Found an opulent altar of Gozag.
  9155 | D:10     | Noticed Maggie
  9156 | D:10     | Reached XP level 11. HP: 106/113 MP: 13/13
  9176 | D:10     | Killed Maggie
  9177 | D:10     | Found Siklonim's Antique Weapon Boutique.
  9401 | D:10     | Noticed Snorg
  9405 | D:10     | Reached skill level 5 in Invocations
  9416 | D:10     | HP: 5/113 [Snorg (10)]
  9416 | D:10     | Slain by Snorg

Illustrated notes

Levels and vault maps discovered:
D:1:      lightli_arrival_statuegarden, layout_loops_corners
D:2:      layout_basic, minmay_tall_x, uniq_sigmund
D:3:      layout_basic, serial_shops, nicolae_shop_hallway_stairs,
          minmay_misc_feat_doors, uniq_terence
D:4:      layout_basic, marbit_many_paths, mainiacjoe_overflow_small_starburst,
          temple_green, gammafunk_ghost_split, minmay_misc_feat_cross,
          grunt_decor_fettered
D:5:      layout_rooms, mainiacjoe_overflow_boulevard, kennysheep_mini_moat,
          kennysheep_small_square, uniq_menkaure
D:6:      layout_loops_ring, gammafunk_temple_overflow_wave
D:7:      layout_basic, nemelex_dance_club_becter, nicolae_uskayaw_en_pointe,
          lightli_corner_chamber
D:8:      layout_loops_ring, ebering_ghost_disaster_area
D:9:      layout_small_grid, kennysheep_mini, brannock_xom_greatest_gift,
          trog_three_pillars_becter, serial_co_window_serial, co_window_paths_a,
          co_window_of_opportunity_a, co_window_corner_a, co_window_paths_b,
          co_window_corner_a, co_window_of_opportunity_a,
          co_window_of_opportunity_a, co_window_corner_b, co_window_corner_b,
          co_window_unsneaky_path_d, co_window_2corner, co_window_paths_e,
          co_window_4corner_b, glass_columns_b, glass_columns_b,
          glass_columns_a, eino_tiny_chamber
D:10:     layout_cave_pools, mainiacjoe_overflow_24_doors, serial_shops, shop,
          uniq_erica, uniq_maggie, uniq_snorg
Temple:   eino_wide_crystal_templ

Skill      XL: |  1  2  3  4  5  6  7  8  9 10 11 |
---------------+----------------------------------+-----
Fighting       | 3 4 5 6 7 8 |  8.5
Dodging        | 3 4 5 6 7 8 |  8.0
Unarmed Combat | 3 4 5 7 8 9 |  9.8
Invocations    | 2 4 5 |  5.0
Armour         | 1 2 |  2.4
Shields        | |  2.6

Action                     |  1- 3 |  4- 6 |  7- 9 | 10-12 || total
---------------------------+-------+-------+-------+-------++-------
  Melee: Unarmed           |   123 |   160 |   360 |   258 ||   901
         Punch             |     1 |     2 |     5 |    12 ||    20
         Halberd           |       |     6 |       |       ||     6
 Invoke: Elemental Force   |       |       |       |     1 ||     1
  Evoke: Wand              |       |       |       |     1 ||     1
    Use: Potion            |       |     1 |     3 |     6 ||    10
         Scroll            |       |       |     9 |     1 ||    10
 Armour: Robe              |    78 |    96 |   260 |   114 ||   548
         Troll leather arm |       |       |       |    95 ||    95
  Dodge: Dodged            |    76 |    62 |   188 |   113 ||   439
  Block: Other             |       |       |    14 |    60 ||    74

Table legend: (Time is in decaauts)
 A = Elapsed time spent in this place.
 B = Non-inter-level travel time spent in this place.
 C = Inter-level travel time spent in this place.
 D = Time resting spent in this place.
 E = Time spent auto-exploring this place.
 F = Levels seen in this place.
 G = Mean time per level.
                   A        B        C        D        E       F      G
               +--------+--------+--------+--------+--------+-----+--------+
         Total |   9327 |   9043 |    284 |    666 |   6033 |  11 |  847.9 |
       Dungeon |   9279 |   8995 |    284 |    666 |   6033 |  10 |  927.9 |
        Temple |     48 |     48 |      0 |      0 |      0 |   1 |   48.0 |
               +--------+--------+--------+--------+--------+-----+--------+

Top non-repeatable levels by time:
     D:9: 1203 daAuts
     D:4: 1142 daAuts
     D:6: 1103 daAuts
     D:2: 1004 daAuts
     D:8: 966 daAuts
     D:1: 957 daAuts
     D:7: 937 daAuts
     D:5: 770 daAuts
     D:3: 693 daAuts
    D:10: 500 daAuts
  Temple: 48 daAuts
